 Dungeon Crawl Stone Soup version 0.28.0-53-g5a82cb258f (webtiles) character file.

Game seed: 957868588582955937

812 mortz the Conjurer (level 7, -11/50 HPs)
             Began as a Demigod Conjurer on June 6, 2022.
             Mangled by Duvessa
             ... wielding a +0 rapier
              (23 damage)
             ... on level 5 of the Dungeon.
             The game lasted 00:26:29 (4699 turns).

mortz the Conjurer (Demigod Conjurer)               Turns: 4699, Time: 00:26:30

Health: -11/50     AC:  4    Str:  8    XL:     7   Next: 35%
Magic:  3/16       EV: 16    Int: 28    God:
Gold:   115        SH:  0    Dex: 18    Spells: 10/13 levels left

rFire   . . .      SeeInvis .   m - +2 dagger (venom) {short}
rCold   . . .      Faith    .   (no shield)
rNeg    . . .      Spirit   .   e - +0 leather armour
rPois   .          Reflect  .   a - +0 helmet
rElec   .          Harm     .   (no cloak)
rCorr   .          Rampage  .   (no gloves)
Will    .....                   (no boots)
Stlth   ++........              (no amulet)
HPRegen 0.16/turn               x - +6 ring of dexterity
MPRegen 0.15/turn               k - +4 ring of evasion

@: no status effects
A: high MP 1, forlorn, divine attributes
a: no special abilities


You were on level 5 of the Dungeon.
You visited 1 branch of the dungeon, and saw 5 of its levels.

You collected 115 gold pieces.


Innate Abilities, Weirdness & Mutations

You have an increased reservoir of magic. (+10% MP)
You shall have no god before yourself.
Your divine heritage dramatically boosts your attributes as you level up.


   Skills:
 + Level 0.2 Fighting
 + Level 0.1 Throwing
 + Level 2.1 Armour
 + Level 1.9 Dodging
 + Level 2.6 Stealth
 + Level 3.8 Spellcasting
 + Level 5.4 Conjurations
 * Level 2.1 Translocations
 * Level 2.2 Air Magic
 * Level 2.0 Poison Magic


You had 10 spell levels left.
You knew the following spells:

 Your Spells              Type           Power      Damage    Failure   Level
a - Magic Dart            Conj           100%       1d8       1%          1
b - Searing Ray           Conj           72%        2d7       1%          2

Your spell library contained the following spells:

 Spells                   Type           Power      Damage    Failure   Level
 Mephitic Cloud           Conj/Pois/Air  23%        N/A       9%          3
 Beastly Appendage        Tmut           10%        N/A       11%         1
 Dazzling Flash           Conj/Hex       40%        N/A       11%         3
 Wereblood                Tmut           5%         N/A       16%         2
 Spider Form              Tmut/Pois      11%        N/A       21%         3
 Iskenderun's Mystic Bla  Conj/Tloc      26%        2d7       22%         4
 Ignite Poison            Fire/Tmut/Pois 9%         N/A       24%         3
 Fulminant Prism          Conj/Hex       10%        3d9       34%         4
 Freezing Cloud           Conj/Ice/Air   9%         6-21      71%         5

Inventory:

Hand Weapons
 m - a +2 dagger of venom (weapon) {short}
   (You took it off a goblin on level 2 of the Dungeon)
 o - a +0 morningstar {mace}
   (You took it off a hobgoblin on level 3 of the Dungeon)
 s - a +0 hand axe {axe}
   (You took it off an orc on level 3 of the Dungeon)
Armour
 a - a +0 helmet (worn)
   (You found it on level 2 of the Dungeon)
 e - a +0 leather armour (worn)
   (You found it on level 1 of the Dungeon)
 r - a +0 chain mail
   (You found it on level 3 of the Dungeon)
Jewellery
 g - a ring of see invisible
   (You found it on level 1 of the Dungeon)
 k - a +4 ring of evasion (right hand)
   (You found it on level 1 of the Dungeon)
 u - a ring of ice
   (You found it on level 4 of the Dungeon)
 v - a ring of willpower
   (You found it on level 4 of the Dungeon)
 x - a +6 ring of dexterity (left hand)
   (You found it on level 4 of the Dungeon)
Scrolls
 b - a scroll of silence {unknown}
 c - 3 scrolls of identify {@r1}
 f - a scroll of fog {unknown}
 i - a scroll of enchant armour {unknown}
 j - 3 scrolls of magic mapping {unknown}
 q - a scroll of enchant weapon {unknown}
 t - a scroll of teleportation {unknown}
 w - a scroll of immolation {unknown}
Potions
 d - 2 potions of brilliance
 h - 2 potions of heal wounds {unknown}
 l - a potion of mutation {unknown}
 n - a potion of haste {unknown}

Dungeon Overview and Level Annotations

Branches:
Dungeon (5/15)
 Temple: D:4-7

Annotations:
D:5 Duvessa

.. ###.
#..( .#(
.)###
#...#
######e#.#
#.....=@<#
#......†##
#........
#.......##
#.......#
#...(...#
#.......#
#(......#


You could see Duvessa (berserk).


Message History

Press: ? - help, Q - select action, (/) - cycle Shift-Dir - straight line, f/p - Dowan
Aim: Dowan, wielding a +0 dagger and wearing a +0 robe (50% to hit)
You throw a poisoned dart {throwing}.
The poisoned dart {throwing} misses Dowan. 😎 MP[+1]
Your mp is fully restored (16).
Throw: 2 darts (poison) {throwing}
Press: ? - help, Q - select action, (/) - cycle Shift-Dir - straight line, f - Duvessa
Aim: Duvessa, wielding a +0 rapier and wearing a +0 scale mail (68% to hit)
You throw a poisoned dart {throwing}.
The poisoned dart {throwing} hits Duvessa.
Duvessa is poisoned.
Casting: Searing Ray (safe; 1% risk of failure)
Confirm with . or Enter, or press ? or * to list all spells.
Aiming: Searing Ray (safe; 1% risk of failure)
Press: ? - help, Shift-Dir - straight line, f/p - Duvessa
Aim: Duvessa, wielding a +0 rapier and wearing a +0 scale mail (lightly wounded, poisoned, 86% to hit)
The searing ray hits Dowan!
The searing ray hits Duvessa but does no damage. (Press . to maintain the ray.) 😎 MP[-2]
You lost 2 mp, and now have 14/16 mp.
The searing ray hits Duvessa but does no damage. 😎 MP[-1]
You lost 1 mp, and now have 13/16 mp.
The searing ray hits Duvessa.
Dowan gestures at you while chanting.
The puff of flame hits you. 😕 HP[-6] MP[-1]
You take 6 damage, and now have 44/50 hp.
You lost 1 mp, and now have 12/16 mp.
You finish channelling your searing ray. 😕 MP[-1]
You lost 1 mp, and now have 11/16 mp.
Casting: Searing Ray (safe; 1% risk of failure)
Confirm with . or Enter, or press ? or * to list all spells.
Aiming: Searing Ray (safe; 1% risk of failure)
Press: ? - help, Shift-Dir - straight line, f/p - Duvessa
Aim: Duvessa, wielding a +0 rapier and wearing a +0 scale mail (lightly wounded, poisoned, 86% to hit)
The searing ray hits Dowan!
The searing ray hits Duvessa! (Press . to maintain the ray.) 😕 MP[-2]
You lost 2 mp, and now have 9/16 mp.
The searing ray hits Dowan!
The searing ray hits Duvessa but does no damage.
Duvessa looks more healthy. 😕 HP[+1] MP[-1]
You lost 1 mp, and now have 8/16 mp.
The searing ray hits Duvessa.
The searing ray hits Dowan!
You kill Dowan!
Duvessa weeps, and shakes her weapon.
Duvessa goes berserk!
You finish channelling your searing ray.
Duvessa hits you with a +0 rapier!
Duvessa completely misses you. 😮 HP[-14] MP[-1]
You take 14 damage, and now have 31/50 hp.
MASSIVE DAMAGE!! (PAUSE)
You lost 1 mp, and now have 7/16 mp.
Casting: Searing Ray (safe; 1% risk of failure)
Confirm with . or Enter, or press ? or * to list all spells.
Aiming: Searing Ray (safe; 1% risk of failure)
Press: ? - help, Shift-Dir - straight line, f/p - Duvessa
Aim: Duvessa, wielding a +0 rapier and wearing a +0 scale mail (heavily wounded, berserk, 86% to hit)
Okay, then.
Throw: dart (poison) {throwing}
Press: ? - help, Q - select action, (/) - cycle Shift-Dir - straight line, f/p - Duvessa
Aim: Duvessa, wielding a +0 rapier and wearing a +0 scale mail (heavily wounded, berserk, 68% to hit)
You throw a poisoned dart {throwing}.
The poisoned dart {throwing} closely misses Duvessa.
Duvessa barely misses you.
Unknown command.
Casting: Searing Ray (safe; 1% risk of failure)
Confirm with . or Enter, or press ? or * to list all spells.
Aiming: Searing Ray (safe; 1% risk of failure)
Press: ? - help, Shift-Dir - straight line, f/p - Duvessa
Aim: Duvessa, wielding a +0 rapier and wearing a +0 scale mail (heavily wounded, berserk, 86% to hit)
The searing ray hits Duvessa! (Press . to maintain the ray.) Duvessa hits you with a +0 rapier!
* * * LOW HITPOINT WARNING * * *
Duvessa closely misses you. 😨 HP[-12] MP[-2]
You take 12 damage, and now have 19/50 hp.
MASSIVE DAMAGE!! (PAUSE)
You lost 2 mp, and now have 5/16 mp.
The searing ray hits Duvessa.
Duvessa completely misses you. 😨 MP[-1]
You lost 1 mp, and now have 4/16 mp.
The searing ray hits Duvessa but does no damage.
Duvessa hits you with a +0 rapier.
* * * LOW HITPOINT WARNING * * *
Duvessa hits you with a +0 rapier.
* * * LOW HITPOINT WARNING * * *
😱 HP[-8] MP[-1]
You take 8 damage, and now have 11/50 hp.
You lost 1 mp, and now have 3/16 mp.
The searing ray hits Duvessa!
You finish channelling your searing ray.
Duvessa hits you with a +0 rapier!!
You die...

Skill      XL: |  1  2  3  4  5  6  7 |
---------------+----------------------+-----
Conjurations   | 4 5 |  5.4
Stealth        | 2 |  2.6
Spellcasting   | 2 3 |  3.8
Armour         | 1 2 |  2.1
Translocations | 1 2 |  2.1
Air Magic      | 1 2 |  2.2
Poison Magic   | 1 2 |  2.0
Fighting       | |  0.2
Throwing       | |  0.1
Dodging        | |  1.9

Action                   |  1- 3 |  4- 6 |  7- 9 || total
-------------------------+-------+-------+-------++-------
Melee: Dagger            |     5 |       |       ||     5
Throw: Dart              |       |     3 |     7 ||    10
 Cast: Magic Dart        |    56 |    57 |       ||   113
       Searing Ray       |    15 |    33 |     4 ||    52
  Use: Scroll            |     1 |       |       ||     1
Armor: Leather armour    |     2 |       |     1 ||     3
       Robe              |     1 |       |       ||     1
Dodge: Dodged            |     6 |    12 |     5 ||    23

Levels and vault maps discovered:
D:1:      nzn_arrival_depleted_hourglass, layout_rooms,
          hellmonk_ecumenical_altar_zigzags, minmay_hexomino_u4
D:2:      layout_loops_cross, corexii_shack, minmay_misc_feat_columns,
          kennysheep_nub, kennysheep_generic_room_4, uniq_terence
D:3:      layout_loops_ring, minmay_surrounded, uniq_natasha
D:4:      layout_basic, uniq_eustachio, uniq_grinder
D:5:      layout_basic, minmay_crystal_water, uniq_prince_ribbit1, uniq_duvessa

Notes
Turn   | Place    | Note
-------+----------+-------------------------------------------
     0 | D:1      | mortz the Demigod Conjurer began the quest for the Orb.
     0 | D:1      | Reached XP level 1. HP: 14/14 MP: 5/5
     0 | D:1      | magus.rc [v1.9.6]
   253 | D:1      | Reached skill level 4 in Conjurations
   253 | D:1      | Reached XP level 2. HP: 20/20 MP: 2/7
   256 | D:1      | Learned a level 2 spell: Searing Ray
   418 | D:1      | Reached skill level 2 in Stealth
   493 | D:1      | Reached skill level 2 in Spellcasting
  1010 | D:2      | You add the spells Ignite Poison, Mephitic Cloud and
                  | Freezing Cloud to your library.
  1024 | D:2      | Reached XP level 3. HP: 26/26 MP: 6/8
  1359 | D:2      | Noticed Terence
  1416 | D:2      | Killed Terence
  1899 | D:2      | Reached XP level 4. HP: 33/33 MP: 8/10
  3136 | D:3      | Noticed Natasha
  3138 | D:3      | Killed Natasha
  3184 | D:3      | Reached XP level 5. HP: 38/38 MP: 7/12
  3451 | D:4      | Noticed an ogre
  3455 | D:4      | Killed an ogre
  3456 | D:4      | Reached skill level 1 in Armour
  3456 | D:4      | Reached skill level 3 in Spellcasting
  3456 | D:4      | Reached skill level 1 in Translocations
  3456 | D:4      | Reached skill level 1 in Air Magic
  3778 | D:4      | You pick up a book of Changes and begin reading...
  3778 | D:4      | You add the spells Beastly Appendage, Wereblood and Spider
                  | Form to your library.
  3792 | D:4      | Reached skill level 1 in Poison Magic
  3792 | D:4      | Reached XP level 6. HP: 44/45 MP: 5/13
  4113 | D:4      | Noticed Grinder
  4133 | D:4      | Reached skill level 5 in Conjurations
  4178 | D:4      | Noticed Eustachio
  4446 | D:4      | Killed Grinder
  4557 | D:4      | Killed Eustachio
  4558 | D:4      | Reached skill level 2 in Air Magic
  4558 | D:4      | Reached XP level 7. HP: 49/50 MP: 9/15
  4642 | D:5      | Entered Level 5 of the Dungeon
  4649 | D:5      | Reached skill level 2 in Armour
  4649 | D:5      | Reached skill level 2 in Translocations
  4649 | D:5      | Reached skill level 2 in Poison Magic
  4682 | D:5      | Noticed Duvessa
  4682 | D:5      | Noticed Dowan
  4694 | D:5      | Killed Dowan
  4698 | D:5      | HP: 11/50 [Duvessa/+0 rapier (5)]
  4699 | D:5      | Mangled by Duvessa

Vanquished Creatures
  Grinder (D:4)
  Eustachio (D:4)
  A water moccasin (D:5)
  An ogre (D:4)
  Dowan (D:5)
  A hound (D:4)
  Natasha (D:3)
  Terence (D:2)
  A howler monkey skeleton (D:4)
  4 adders
  An ufetubus (D:4)
  2 worms (D:3)
  4 dart slugs
  10 orcs
  10 endoplasms
  5 giant cockroaches
  10 goblins
  8 hobgoblins
  4 quokkas
  9 ball pythons
  12 bats
  6 frilled lizards
  4 kobolds
  7 rats
105 creatures vanquished.

Vanquished Creatures (others)
  2 plants (D:2)
2 creatures vanquished.

Grand Total: 107 creatures vanquished

Table legend:
 A = Non-vault XP
 B = Vault XP
 C = Vault XP percentage of total XP
 D = Non-vault monster count
 E = Vault monster count
 F = Vault count percentage of total count
                 A         B        C        D         E       F
            +---------+---------+-------+---------+---------+-------
      Total |     546 |     615 |  53.0 |      88 |      17 |  16.2
            +---------+---------+-------+---------+---------+-------
        D:1 |      40 |       7 |  14.9 |      22 |       4 |  15.4
        D:2 |      42 |      36 |  46.2 |      24 |       3 |  11.1
        D:3 |      67 |      45 |  40.2 |      26 |       7 |  21.2
        D:4 |     244 |     458 |  65.2 |      15 |       2 |  11.8
        D:5 |     153 |      69 |  31.1 |       1 |       1 |  50.0
            +---------+---------+-------+---------+---------+-------

Illustrated notes

Table legend:
 A = Kills in this place as a percentage of kills in entire the game.
 B = Kills by you in this place as a percentage of kills by you in the entire game.
 C = Kills by friends in this place as a percentage of kills by friends in the entire game.
 D = Other kills in this place as a percentage of other kills in the entire game.
 E = Experience gained in this place as a percentage of experience gained in the entire game.
 F = Experience gained in this place divided by the number of levels of this place that you have seen.
                   A       B       C       D       E      F
               +-------+-------+-------+-------+-------+----------------------
         Total | 100.0 | 100.0 |   N/A |   N/A | 100.0 | 232.2
       Dungeon | 100.0 | 100.0 |   N/A |   N/A | 100.0 | 232.2
               +-------+-------+-------+-------+-------+----------------------

Table legend: (Time is in decaauts)
 A = Elapsed time spent in this place.
 B = Non-inter-level travel time spent in this place.
 C = Inter-level travel time spent in this place.
 D = Time resting spent in this place.
 E = Time spent auto-exploring this place.
 F = Levels seen in this place.
 G = Mean time per level.
                   A        B        C        D        E       F      G
               +--------+--------+--------+--------+--------+-----+--------+
         Total |   4693 |   4390 |    303 |    521 |   3276 |   5 |  938.6 |
       Dungeon |   4693 |   4390 |    303 |    521 |   3276 |   5 |  938.6 |
               +--------+--------+--------+--------+--------+-----+--------+

Top non-repeatable levels by time:
     D:3: 1322 daAuts
     D:4: 1188 daAuts
     D:2: 1132 daAuts
     D:1: 993 daAuts
     D:5: 56 daAuts
